 Dungeon Crawl Stone Soup version 0.31-a0-455-g1a7b003ef0 (webtiles) character file.

Game seed: 16595975727603191629

49 cforsyth the Charlatan (level 3, -5/28 HPs)
             Began as a Gnoll Artificer on Aug 3, 2023.
             Slain by a kobold
             ... wielding a +5 whip
              (8 damage)
             ... on level 3 of the Dungeon.
             The game lasted 00:02:18 (1872 turns).

cforsyth the Charlatan (Gnoll Artificer)            Turns: 1872, Time: 00:02:19

Health: -5/28      AC:  4    Str: 11    XL:     3   Next: 77%
Magic:  4/4        EV: 12    Int: 12    God:
Gold:   134        SH:  0    Dex: 12    Spells: 4/4 levels left

rFire   . . .        a - +0 club
rCold   . . .        (no shield)
rNeg    . . .        b - +0 leather armour
rPois   .            (no helmet)
rElec   .            (no cloak)
rCorr   .            m - +0 pair of gloves
SInv    .            (no boots)
Will    .....        (no amulet)
Stlth   ++           (no ring)
HPRegen 0.24/turn    (no ring)
MPRegen 0.09/turn

%: no passive effects
@: no status effects
A: fangs 1, strong nose, distributed training
a: no special abilities


You were on level 3 of the Dungeon.
You visited 1 branch of the dungeon, and saw 3 of its levels.

You collected 134 gold pieces.

Inventory:

Hand Weapons
 a - a +0 club (weapon)
Armour
 b - a +0 leather armour (worn)
 m - a +0 pair of gloves (worn)
Jewellery
 f - a ring of positive energy
Wands
 c - a wand of flame (15) (quivered)
 d - a wand of charming (14)
 e - a wand of iceblast (5)
Scrolls
 g - 5 scrolls of amnesia {unknown}
 h - a scroll of poison {unknown}
 i - 3 scrolls of identify {unknown}
 l - 2 scrolls of enchant weapon {unknown}
 o - 2 scrolls of noise {unknown}
 q - a scroll of immolation {unknown}
Potions
 j - 2 potions of curing {unknown}
 k - 2 potions of enlightenment {unknown}
 n - 3 potions of ambrosia {unknown}
 p - a potion of magic {unknown}
 r - a potion of berserk rage {unknown}


   Skills:
 + Level 2.6 Fighting
 + Level 1.0 Short Blades
 + Level 1.0 Long Blades
 + Level 1.0 Axes
 + Level 1.0 Maces & Flails
 + Level 1.0 Polearms
 + Level 1.0 Staves
 + Level 1.0 Ranged Weapons
 + Level 1.0 Throwing
 + Level 4.6 Armour
 + Level 2.6 Dodging
 + Level 2.4 Stealth
 + Level 1.0 Shields
 + Level 1.0 Unarmed Combat
 + Level 1.0 Spellcasting
 + Level 0.7 Conjurations
 + Level 0.7 Hexes
 + Level 0.7 Summonings
 + Level 0.7 Necromancy
 + Level 0.7 Translocations
 + Level 0.7 Transmutations
 + Level 0.7 Fire Magic
 + Level 0.7 Ice Magic
 + Level 0.7 Air Magic
 + Level 0.7 Earth Magic
 + Level 0.7 Poison Magic
 + Level 1.0 Invocations
 + Level 6.5 Evocations
 + Level 0.7 Shapeshifting


You had 4 spell levels left.
You didn't know any spells.
Your spell library contained the following spells:

 Spells                   Type           Power      Damage    Failure   Level
 Freeze                   Ice            8%         1d3       28%         1
 Frozen Ramparts          Ice            4%         1d1       65%         3
 Hailstorm                Conj/Ice       2%         3d3       65%         3


Dungeon Overview and Level Annotations

Branches:
Dungeon (3/15)

Altars:


Innate Abilities, Weirdness & Mutations

You have very sharp teeth.
Your uncanny sense of smell can sniff out nearby items.
Your experience applies equally to all skills.


Message History

You now have 134 gold pieces (gained 15).
You see here a +0 club.
o - 2 scrolls labelled CIEMETO CYJA (gained 1)
You see here a +0 short sword of electrocution.
A kobold comes into view. It is wielding a +5 whip.
The kobold shouts!
A kobold is nearby!
The kobold hits you with a +5 whip!
You closely miss the kobold. The kobold barely misses you.
The kobold hits you with a +5 whip!
You are too injured to fight recklessly!
You are too injured to fight recklessly!
You are too injured to fight recklessly!
You are too injured to fight recklessly!
You are too injured to fight recklessly!
You are too injured to fight recklessly!
You are too injured to fight recklessly!
You are too injured to fight recklessly!
You are too injured to fight recklessly!
You are too injured to fight recklessly!
You are too injured to fight recklessly!
You are too injured to fight recklessly!
You are too injured to fight recklessly!
You are too injured to fight recklessly!
You hit the kobold. Your bite misses the kobold.
The kobold is moderately wounded.
The kobold closely misses you.
You barely miss the kobold.
The kobold is moderately wounded.
The kobold hits you with a +5 whip.
You barely miss the kobold.
The kobold is moderately wounded.
The kobold hits you with a +5 whip!
* * * LOW HITPOINT WARNING * * *
You hit the kobold but do no damage.
The kobold is moderately wounded.
The kobold hits you with a +5 whip.
* * * LOW HITPOINT WARNING * * *
The kobold hits you with a +5 whip!
You die...

#### ### #..
..# #K# #.#
...###@#####.#
#........##.#
#####.##.##.#
#.##.##.#
#.......#
####.#### #.#
######## #.#
#......#####.#


You could see a kobold.

Vanquished Creatures
  An adder (D:2)
  A worm (D:2)
  A dart slug (D:3)
  2 orcs (D:3)
  4 endoplasms
  3 giant cockroaches
  3 goblins
  3 hobgoblins
  A quokka (D:2)
  3 bats
  2 frilled lizards
  3 kobolds
  3 rats
30 creatures vanquished.

Vanquished Creatures (collateral kills)
  An orc (D:3)
1 creature vanquished.

Vanquished Creatures (others)
  A bat (D:3)
1 creature vanquished.

Grand Total: 32 creatures vanquished

Notes
Turn   | Place    | Note
-------+----------+-------------------------------------------
     0 | D:1      | cforsyth the Gnoll Artificer began the quest for the Orb.
     0 | D:1      | Reached XP level 1. HP: 17/17 MP: 1/1
    42 | D:1      | Found a faded altar of an unknown god.
   461 | D:1      | Reached XP level 2. HP: 22/23 MP: 2/2
   990 | D:2      | Reached XP level 3. HP: 19/28 MP: 3/3
  1484 | D:3      | Reached skill level 1 in Invocations
  1723 | D:3      | Reached skill level 1 in Short Blades
  1723 | D:3      | Reached skill level 1 in Long Blades
  1723 | D:3      | Reached skill level 1 in Axes
  1723 | D:3      | Reached skill level 1 in Maces & Flails
  1723 | D:3      | Reached skill level 1 in Polearms
  1723 | D:3      | Reached skill level 1 in Staves
  1723 | D:3      | Reached skill level 1 in Ranged Weapons
  1723 | D:3      | Reached skill level 1 in Throwing
  1723 | D:3      | Reached skill level 1 in Shields
  1723 | D:3      | Reached skill level 1 in Unarmed Combat
  1723 | D:3      | Reached skill level 1 in Spellcasting
  1872 | D:3      | Slain by a kobold

Illustrated notes

Levels and vault maps discovered:
D:1:      eino_arrival_water_cross, layout_basic,
          ebering_ecumenical_altar_abandoned
D:2:      layout_basic, minmay_hedge_maze, minmay_misc_feat_doors,
          minmay_misc_feat_nine_boxes
D:3:      layout_loops_cross

Skill      XL: |  1  2  3 |
---------------+----------+-----
Invocations    | 1 |  1.0
Short Blades   | 1 |  1.0
Long Blades    | 1 |  1.0
Axes           | 1 |  1.0
Maces & Flails | 1 |  1.0
Polearms       | 1 |  1.0
Staves         | 1 |  1.0
Ranged Weapons | 1 |  1.0
Throwing       | 1 |  1.0
Shields        | 1 |  1.0
Unarmed Combat | 1 |  1.0
Spellcasting   | 1 |  1.0
Fighting       | |  2.6
Armour         | |  4.6
Dodging        | |  2.6
Stealth        | |  2.4
Conjurations   | |  0.7
Hexes          | |  0.7
Summonings     | |  0.7
Necromancy     | |  0.7
Translocations | |  0.7
Transmutations | |  0.7
Fire Magic     | |  0.7
Ice Magic      | |  0.7
Air Magic      | |  0.7
Earth Magic    | |  0.7
Poison Magic   | |  0.7
Evocations     | |  6.5
Shapeshifting  | |  0.7

Action                     || total
---------------------------++-------
  Melee: Club              ||   159
         Bite              ||    11
         Punch             ||     3
  Evoke: Wand              ||     1
   Stab: Sleeping          ||     4
 Armour: Leather armour    ||    46
  Dodge: Dodged            ||   135

Table legend: (Time is in decaauts)
 A = Elapsed time spent in this place.
 B = Non-inter-level travel time spent in this place.
 C = Inter-level travel time spent in this place.
 D = Time resting spent in this place.
 E = Time spent auto-exploring this place.
 F = Levels seen in this place.
 G = Mean time per level.
                   A        B        C        D        E       F      G
               +--------+--------+--------+--------+--------+-----+--------+
         Total |   1915 |   1877 |     38 |     38 |   1441 |   3 |  638.3 |
       Dungeon |   1915 |   1877 |     38 |     38 |   1441 |   3 |  638.3 |
               +--------+--------+--------+--------+--------+-----+--------+

Top non-repeatable levels by time:
     D:2: 840 daAuts
     D:1: 700 daAuts
     D:3: 374 daAuts
